 Dungeon Crawl Stone Soup version 0.30.1-4-g462c640d31 (webtiles) character file.

Game seed: 3392314014926450612

4 LynnLen the Sneak (level 1, 0/9 HPs)
             Began as a Spriggan Enchanter on Aug 25, 2023.
             Slain by a goblin
             ... wielding a +0 dagger
              (3 damage)
             ... on level 1 of the Dungeon.
             The game lasted 00:00:46 (160 turns).

LynnLen the Sneak (Spriggan Enchanter)               Turns: 160, Time: 00:00:47

Health: 0/9        AC:  2    Str:  4    XL:     1   Next: 50%
Magic:  5/5        EV: 17    Int: 16    God:
Gold:   9          SH:  0    Dex: 15    Spells: 5/5 levels left

rFire   . . .        a - +1 dagger
rCold   . . .        (no shield)
rNeg    . . .        b - +0 robe
rPois   .            (helmet restricted)
rElec   .            (no cloak)
rCorr   .            (gloves unavailable)
SInv    +            (boots unavailable)
Will    .....        (no amulet)
Stlth   +++          (no ring)
HPRegen 0.21/turn    (no ring)
MPRegen 0.09/turn

%: no passive effects
@: very quick
A: very small, no large weapons, unfitting armour, see invisible, speed 3
a: no special abilities


You were on level 1 of the Dungeon.
You visited 1 branch of the dungeon, and saw 1 of its levels.

You collected 9 gold pieces.

Inventory:

Hand Weapons
 a - a +1 dagger (weapon)
Armour
 b - a +0 robe (worn)
Potions
 c - 2 potions of invisibility


   Skills:
 + Level 0.0 Fighting
 * Level 1.3 Short Blades
 + Level 2.7 Dodging
 + Level 4.4 Stealth
 + Level 2.7 Spellcasting
 * Level 3.7 Hexes


You had 5 spell levels left.
You didn't know any spells.
Your spell library contained the following spells:

 Spells                   Type           Power      Damage    Failure   Level
 Confusing Touch          Hex            14%        N/A       12%         3
 Tukima's Dance           Hex            14%        N/A       12%         3
 Ensorcelled Hibernation  Hex/Ice        16%        N/A       14%         2
 Dazzling Flash           Conj/Hex       16%        N/A       26%         3


Dungeon Overview and Level Annotations

Branches:
Dungeon (1/15)

Altars:

Shops:
D:1 [


Innate Abilities, Weirdness & Mutations

You are very small and have problems with some larger weapons.
You are too small for most types of armour.
You have supernaturally acute eyesight. (SInv)
You cover ground extremely quickly. (Speed+++)


Message History

You see here a jackal corpse.
There is an open door here.
A goblin comes into view. It is wielding a +0 dagger.
Found a pair of boots.
Found Lauroe's Armour Boutique.
Found 16 gold pieces.
You now have 9 gold pieces.
Found a scroll labelled SUALEO EWEL.
The goblin shouts!
You hear a bark!
There is an open door here.
You see here a jackal corpse.
There is an open door here.
There is an open door here.
You see here a jackal corpse.
The jackal bites you.
You see here a jackal corpse.
You hit the jackal.
The jackal is moderately wounded.
The jackal bites you.
You hit the jackal.
The jackal is heavily wounded.
The jackal barely misses you.
You hit the jackal.
The jackal is severely wounded.
The jackal barely misses you. The jackal bites you.
You hit the jackal.
The jackal is almost dead.
The jackal misses you.
You hit the jackal.
You kill the jackal!
There is an open door here.
You hit the goblin.
The goblin is moderately wounded.
You closely miss the goblin.
The goblin is moderately wounded.
The goblin hits you with a +0 dagger.
* * * LOW HITPOINT WARNING * * *
You closely miss the goblin.
The goblin is moderately wounded.
The goblin hits you with a +0 dagger.
You die...

.#...g.....###♣#...........#.♣
#.....#......#♣#...........#♣♣
#.....#......#♣#...........#♣
....?#......#♣#...........#♣
#.#..#......#♣#...........#♣
#...........# #..##...##..#
#....###.#...# #..##...##..###
.... #...#####............⌠#
... ##..'.†.g@...........⌠# #.
##.#########+++####### # #..#
#...# #..> #.<.# ##### #####
♣...♣ ♣♣♣♣♣


You could see a goblin.

Vanquished Creatures
  A giant cockroach (D:1)
  2 jackals (D:1)
3 creatures vanquished.

Notes
Turn   | Place    | Note
-------+----------+-------------------------------------------
     0 | D:1      | LynnLen the Spriggan Enchanter began the quest for the Orb.
     0 | D:1      | Reached XP level 1. HP: 9/9 MP: 5/5
   123 | D:1      | Found Lauroe's Armour Boutique.
   160 | D:1      | Slain by a goblin

Illustrated notes

Levels and vault maps discovered:
D:1:      beargit_arrival_diablo_church, layout_rooms,
          shapermc_ecumenical_altar_gd, serial_shops, shop, shop

Action                     || total
---------------------------++-------
  Melee: Dagger            ||    22
 Armour: Robe              ||     2
  Dodge: Dodged            ||    14
